Map: Dusk Towers

Players

HeReDoDGeTiC - Winner!

  • Race: Protoss Protoss
  • League: Diamond

ErekTshun

  • Race: Terran Terran
  • League: Master

VOD

Have the link to the VOD?

Description

Time

  • Played on: Feb. 29, 2016, 1:47 a.m.
  • Length: 12:12
Show
View Real Time Build Order
Export as new Build Order

HeReDoDGeTiC Protoss - Winner!

Build Orders: 1 Gate Expand 

Get SALT Encoding   

  12  0:01  Probe (Chrono Boost)  
  13  0:11  Probe (Chrono Boost)  
  14  0:19  Pylon  
  14  0:22  Probe (Chrono Boost)  
  15  0:38  Gateway, Probe (Chrono Boost)  
  16  0:48  Probe (Chrono Boost)  
  16  0:49  Assimilator  
  17  0:59  Probe (Chrono Boost)  
  18  1:09  Probe (Chrono Boost)  
  19  1:25  Nexus  
  19  1:28  Probe (Chrono Boost)  
  20  1:39  Cybernetics Core  
  20  1:42  Probe (Chrono Boost)  
  21  1:50  Pylon  
  21  1:53  Probe (Chrono Boost)  
  22  2:01  Assimilator  
  22  2:03  Probe (Chrono Boost)  
  23  2:15  Mothership Core (Chrono Boost), Adept  
  24  2:20  Warp Gate  
  26  2:33  Probe (Chrono Boost)  
  27  2:42  Adept  
  29  2:45  Probe (Chrono Boost)  
  30  2:52  Probe (Chrono Boost), Robotics Facility  
  31  2:59  Probe (Chrono Boost)  
  31  3:03  Probe (Chrono Boost)  
  33  3:09  Probe (Chrono Boost)  
  33  3:11  Adept  
  36  3:13  Pylon, Probe (Chrono Boost)  
  37  3:20  Probe (Chrono Boost)  
  37  3:26  Gateway  
  38  3:30  Gateway  
  38  3:33  Probe (Chrono Boost)  
  39  3:35  Probe (Chrono Boost)  
  40  3:44  Warp Prism (Chrono Boost)  
  40  3:47  Probe (Chrono Boost)  
  43  3:50  Probe (Chrono Boost)  
  43  3:53  Adept  
  46  3:58  Probe (Chrono Boost)  
  47  4:03  Probe (Chrono Boost), Forge  
  47  4:08  Pylon, Probe (Chrono Boost)  
  49  4:13  Probe  
  50  4:19  Twilight Council  
  50  4:20  Probe  
  51  4:26  Probe  
  51  4:28  Adept x2  
  51  4:30  Adept  
  58  4:32  Observer (Chrono Boost)  
  58  4:33  Probe  
  58  4:35  Pylon  
  58  4:38  Protoss Ground Armor Level 1 (Chrono Boost)  
  60  4:40  Probe  
  60  4:44  Assimilator  
  61  4:48  Probe  
  61  4:51  Pylon  
  61  4:52  Pylon  
  62  4:54  Observer (Chrono Boost)  
  63  5:02  Zealot x3  
  64  5:11  Probe x2  
  66  5:15  Immortal  
  70  5:23  Probe  
  70  5:25  Adept  
  70  5:26  Adept  
  73  5:38  Probe  
  73  5:40  Adept  
  73  5:42  Probe  
  71  5:50  Probe  
  71  5:51  Nexus  
  71  5:55  Probe  
  73  6:02  Probe  
  74  6:07  Probe  
  74  6:10  Immortal (Chrono Boost)  
  79  6:12  Charge (Chrono Boost)  
  79  6:13  Protoss Ground Armor Level 2  
  79  6:14  Probe  
  79  6:15  Pylon  
  80  6:19  Photon Cannon  
  80  6:20  Probe  
  80  6:22  Photon Cannon  
  81  6:29  Probe  
  82  6:34  Probe  
  82  6:38  Adept x2  
  87  6:41  Probe  
  87  6:45  Adept  
  87  6:46  Probe  
  91  6:47  Pylon  
  91  6:49  Pylon  
  91  6:53  Probe  
  92  6:57  Photon Cannon  
  92  6:58  Probe  
  93  7:03  Assimilator  
  93  7:04  Probe  
  93  7:05  Assimilator  
  93  7:06  Probe  
  93  7:07  Adept x2  
  93  7:08  Adept  
  101  7:11  Probe  
  101  7:14  Probe  
  102  7:20  Immortal  
  107  7:27  Probe  
  107  7:29  Zealot x3  
  114  7:32  Probe  
  114  7:33  Pylon  
  115  7:37  Assimilator  
  115  7:38  Assimilator  
  115  7:48  Probe x2  
  115  7:50  Zealot x3  
  123  7:54  Templar Archives, Probe  
  124  8:01  Gateway  
  124  8:02  Gateway  
  124  8:03  Gateway  
  124  8:10  Protoss Ground Armor Level 3  
  124  8:11  Zealot x3  
  130  8:19  Pylon  
  130  8:21  Pylon  
  130  8:25  Pylon  
  130  8:38  Immortal (Chrono Boost)  
  132  8:45  Probe  
  133  8:54  Zealot x3  
  139  8:59  Probe x2  
  135  9:02  Gateway  
  135  9:04  Gateway x2, Psionic Storm  
  135  9:08  Immortal (Chrono Boost), High Templar x2  
  139  9:10  High Templar  
  139  9:15  Nexus  
  145  9:21  High Templar  
  145  9:22  High Templar  
  149  9:29  Zealot  
  150  9:40  Photon Cannon  
  150  9:42  Photon Cannon  
  150  9:43  High Templar x2  
  150  9:44  Zealot  
  156  9:52  Pylon  
  156  9:53  Pylon  
  156  9:54  Pylon  
  156  10:04  Pylon  
  156  10:05  Pylon  
  156  10:06  Pylon  
  156  10:07  Pylon  
  156  10:13  Zealot x4  
  156  10:14  Zealot x3  
  168  10:18  High Templar x2  
  168  10:19  Warp Prism  
  174  10:22  Blink (Chrono Boost)  
  176  10:32  Photon Cannon  
  176  10:35  Zealot x2  
  176  10:36  Photon Cannon, Zealot  
  176  10:42  High Templar x3  
  187  10:57  Zealot x3  
  187  10:58  Zealot x3  
  199  11:13  Stargate x2  
  161  11:49  Archon  
  161  11:50  Archon  
  161  11:53  Zealot x8  
  161  11:54  Zealot  
Show
View Real Time Build Order
Export as new Build Order

ErekTshun Terran 

Build Orders: Reaper Expand 

Get SALT Encoding   

  12  0:01  SCV  
  13  0:13  SCV  
  14  0:17  Supply Depot  
  14  0:25  SCV  
  15  0:39  SCV  
  15  0:40  Barracks  
  16  0:44  Refinery  
  16  0:51  SCV  
  17  1:03  SCV  
  18  1:15  SCV  
  19  1:29  Orbital Command  
  19  1:30  Reaper  
  20  1:42  Command Center  
  20  1:52  Supply Depot  
  20  1:55  SCV  
  21  2:03  Barracks Reactor  
  21  2:07  SCV  
  22  2:22  Factory  
  22  2:23  SCV  
  22  2:29  Refinery  
  23  2:31  Supply Depot  
  23  2:35  SCV  
  24  2:40  Marine x2  
  26  2:47  SCV  
  26  2:59  SCV  
  26  3:00  Marine  
  26  3:01  Marine  
  29  3:05  Widow Mine  
  29  3:06  Starport  
  29  3:11  Orbital Command  
  29  3:12  SCV  
  32  3:19  Marine x2  
  34  3:24  SCV  
  35  3:34  Widow Mine, Engineering Bay  
  35  3:36  SCV  
  38  3:41  SCV  
  38  3:48  SCV  
  40  3:49  Marine x2  
  40  3:50  Medivac  
  40  3:53  SCV  
  45  4:00  SCV  
  46  4:06  Factory Tech Lab  
  46  4:10  SCV  
  46  4:12  Barracks x2  
  46  4:14  SCV  
  48  4:19  Refinery  
  48  4:22  Missile Turret, SCV  
  49  4:26  SCV  
  50  4:34  SCV  
  50  4:35  Supply Depot  
  51  4:38  Marine x2  
  51  4:40  SCV  
  51  4:43  Starport Reactor  
  54  4:50  Siege Tank  
  57  4:54  SCV  
  57  4:55  SCV, Terran Infantry Weapons Level 1  
  57  4:57  Marine x2  
  61  5:06  SCV  
  61  5:07  SCV  
  61  5:13  Barracks Reactor  
  59  5:14  Barracks Tech Lab  
  59  5:19  SCV x2  
  56  5:31  SCV x2  
  53  5:43  SCV x2  
  55  5:55  SCV x2  
  54  6:04  Marine  
  54  6:05  Combat Shields  
  54  6:06  Marine x2  
  54  6:07  SCV x2  
  57  6:19  SCV x2  
  59  6:29  Marine x3  
  59  6:30  Marine  
  59  6:31  SCV x2  
  65  6:40  Refinery  
  65  6:43  SCV x2  
  65  6:46  Marine x2  
  68  6:53  Cyclone  
  72  6:55  SCV x2  
  72  7:00  Command Center  
  74  7:07  Marine, SCV  
  74  7:08  Marine, SCV  
  78  7:14  Supply Depot  
  78  7:24  Supply Depot  
  78  7:26  Marine, Supply Depot  
  78  7:27  Missile Turret  
  78  7:28  Marine, Missile Turret  
  77  7:30  SCV  
  77  7:35  Marine, SCV  
  80  7:42  SCV  
  81  7:44  Marine  
  81  7:47  SCV  
  81  7:48  Widow Mine  
  81  7:50  Stimpack  
  85  7:54  Marine x3, SCV  
  89  8:00  SCV  
  89  8:01  Marine  
  89  8:02  Marine  
  89  8:04  Medivac x2  
  96  8:06  SCV  
  96  8:07  Barracks x2  
  96  8:12  SCV  
  98  8:15  Marine x2  
  98  8:16  Orbital Command, Widow Mine  
  98  8:18  SCV  
  103  8:21  Marine x2  
  103  8:22  Marine  
  103  8:24  SCV  
  107  8:30  SCV  
  107  8:31  Missile Turret  
  107  8:33  Marine x2  
  110  8:36  SCV  
  110  8:38  Marine  
  111  8:42  SCV x2  
  109  8:48  SCV  
  109  8:54  SCV  
  100  8:55  SCV  
  100  8:58  Barracks Tech Lab, Barracks Reactor  
  100  8:59  Ghost Academy  
  100  9:03  SCV  
  100  9:06  Marine x2  
  100  9:07  Marine x2, Marauder  
  108  9:11  Orbital Command  
  107  9:21  Marine  
  107  9:23  Medivac  
  107  9:24  Marine  
  110  9:25  Barracks x2  
  110  9:28  Marauder  
  113  9:36  Marine x2  
  113  9:37  Marine  
  114  9:40  SCV, Marauder  
  114  9:45  Supply Depot, SCV x2  
  119  9:48  Supply Depot  
  119  9:50  Marauder  
  121  10:01  Marauder  
  121  10:03  SCV x2  
  121  10:05  Liberator  
  126  10:07  Liberator, SCV  
  126  10:09  Terran Infantry Armor Level 1  
  126  10:10  Ghost  
  128  10:14  Armory  
  128  10:15  SCV  
  128  10:17  Barracks Reactor  
  128  10:19  Barracks Reactor  
  128  10:21  Engineering Bay  
  135  10:35  Marine x3  
  135  10:36  Marine, Marauder  
  135  10:41  Supply Depot, Marauder  
  143  10:43  Supply Depot  
  143  10:48  Liberator  
  143  10:50  Liberator  
  143  10:51  Supply Depot  
  143  10:52  Supply Depot  
  143  10:57  Marauder  
  143  11:02  Ghost  
  147  11:04  Command Center  
  153  11:24  Marine x2  
  153  11:25  Marauder  
  157  11:29  Marine  
  157  11:31  Marauder  
  160  11:39  Marine  
  111  11:40  Marine x3  
  84  11:47  Marine  
  84  11:48  Marine  
  84  11:53  Marine  
Tags
 
Add a new tag
Caveats
  • Supply blocks, unpowered buildings, or Contaminate may cause inaccurate times.
  • Supply counts are checked every 10 seconds.